 Dungeon Crawl Stone Soup version 0.30-a0-304-gdc4b735fe1 (webtiles) character file.

Game seed: 4163564603779237368

2020 Iusername the Cleaver (level 9, -1/81 HPs)
             Began as a Hill Orc Fighter on Oct 20, 2022.
             Slain by a black bear (8 damage)
             ... on level 6 of the Dungeon.
             The game lasted 00:08:20 (8200 turns).

Iusername the Cleaver (Hill Orc Fighter)            Turns: 8200, Time: 00:08:21

Health: -1/81      AC:  7    Str: 23    XL:     9   Next: 23%
Magic:  9/9        EV:  9    Int:  8    God:
Gold:   342        SH:  5    Dex: 10    Spells: 8/8 levels left

rFire   . . .      SeeInvis .    a - +0 war axe
rCold   . . .      Faith    .    c - +0 buckler
rNeg    . . .      Spirit   .    b - +0 scale mail
rPois   .          Reflect  .    (no helmet)
rElec   .          Harm     .    (no cloak)
rCorr   .          Rampage  .    (no gloves)
Will    .....                    (no boots)
Stlth   ..........               (no amulet)
HPRegen 0.33/turn                (no ring)
MPRegen 0.11/turn                (no ring)

@: no status effects
A: no striking features
a: no special abilities


You were on level 6 of the Dungeon.
You visited 1 branch of the dungeon, and saw 6 of its levels.

You collected 342 gold pieces.

Inventory:

Hand Weapons
 a - a +0 war axe (weapon)
Armour
 b - a +0 scale mail (worn)
 c - a +0 buckler (worn)
Jewellery
 h - an amulet of the acrobat
 m - a +6 ring of dexterity
 o - a ring of see invisible
Wands
 n - a wand of quicksilver (14)
 u - a wand of flame (15)
Scrolls
 d - a scroll of immolation {unknown}
 e - 2 scrolls of acquirement {unknown}
 f - a scroll of vulnerability {unknown}
 g - 2 scrolls of teleportation
 i - 2 scrolls of fog {unknown}
 j - 4 scrolls of identify
 k - a scroll of torment {unknown}
 l - a scroll of blinking {unknown}
 p - a scroll of fear {unknown}
 q - a scroll of noise {unknown}
 r - a scroll of brand weapon {unknown}
 s - a scroll of amnesia {unknown}
Potions
 t - a potion of brilliance


   Skills:
 + Level 8.0 Fighting
 + Level 8.1 Axes
 + Level 7.2 Armour
 + Level 7.2 Shields


You had 8 spell levels left.
You didn't know any spells.
Your spell library contained the following spells:

 Spells                   Type           Power      Damage    Failure   Level
 Cigotuvi's Dreadful Rot  Necr/Pois/Air  0%         N/A       88%         2
 Poisonous Vapours        Pois/Air       0%         N/A       88%         2
 Static Discharge         Conj/Air       0%         2-2/arc   88%         2
 Dazzling Flash           Conj/Hex       0%         N/A       98%         3
 Mephitic Cloud           Conj/Pois/Air  0%         N/A       98%         3
 Portal Projectile        Hex/Tloc       0%         N/A       98%         3
 Tukima's Dance           Hex            0%         N/A       98%         3
 Vhi's Electric Charge    Tloc/Air       0%         N/A       98%         3
 Iskenderun's Mystic Bla  Conj/Tloc      0%         2d3       100%        4
 Arcjolt                  Conj/Air       0%         1d10      100%        5
 Blade Hands              Tmut           0%         N/A       100%        5
 Lightning Bolt           Conj/Air       0%         1d11      100%        5
 Starburst                Conj/Fire      0%         6d3       100%        6


Dungeon Overview and Level Annotations

Branches:
Dungeon (6/15)
 Temple: D:4-7

Altars:
Cheibriados

Annotations:
D:5 1 runed translucent door, Dowan


Message History

Dowan blinks!
Dowan mumbles some strange words.
Dowan blinks!
There is a stone staircase leading down here.
You can't go up here!
Unknown command.
Dowan points at you and mumbles some strange words.
The shard of ice misses you.
You climb downwards.
Found a stone staircase leading down.
There is a stone staircase leading up here.
There is a stone staircase leading down here.
You barely miss the black bear.
The black bear bites you but does no damage.
The black bear claws you but does no damage. x2
You barely miss the black bear. You block the black bear's attack.
The black bear misses you. The black bear claws you.
* * * LOW HITPOINT WARNING * * *
You completely miss the black bear. The black bear closely misses you.
The black bear barely misses you.
The black bear claws you but does no damage.
You slice the black bear!!
The black bear is severely wounded.
The black bear bites you!
* * * LOW HITPOINT WARNING * * *
The black bear claws you but does no damage.
You block the black bear's attack.
You closely miss the black bear.
The black bear is severely wounded.
The black bear bites you.
* * * LOW HITPOINT WARNING * * *
The black bear completely misses you.
The black bear claws you but does no damage.
You hit the black bear.
The black bear is almost dead.
The black bear goes berserk!
You barely miss the black bear.
The black bear is almost dead.
The black bear bites you!
You die...

#
#########.#
........#.#
#..<..#
#.#@### #
#h# #.# #.#
#.# #.# #.#
#.#


You could see a black bear (berserk).

Vanquished Creatures
  A troll (D:5)
  Eustachio (D:4)
  Edmund (D:5)
  Duvessa (D:5)
  A black bear (D:5)
  2 ice beasts (D:5)
  5 phantoms (D:5)
  A bullfrog (D:3)
  2 scorpions (D:5)
  2 hounds (D:5)
  3 jellies
  4 orc priests
  2 iguanas
  4 orc wizards
  A mummy (D:5)
  3 gnolls (D:3)
  8 adders
  A shadow imp (D:5)
  2 worms (D:5)
  3 dart slugs
  16 orcs
  8 ball pythons
  7 endoplasms
  4 giant cockroaches
  6 goblins
  6 hobgoblins
  A jackal (D:5)
  2 quokkas
  A bat (D:1)
  2 frilled lizards
  3 hobgoblin zombies (D:5)
  2 kobolds
  A kobold zombie (D:5)
  3 rats
110 creatures vanquished.

Notes
Turn   | Place    | Note
-------+----------+-------------------------------------------
     0 | D:1      | Iusername the Hill Orc Fighter began the quest for the Orb.
     0 | D:1      | Reached XP level 1. HP: 19/19 MP: 1/1
   284 | D:1      | Reached XP level 2. HP: 22/27 MP: 2/2
   932 | D:2      | Reached XP level 3. HP: 28/33 MP: 3/3
  1332 | D:2      | Reached XP level 4. HP: 22/40 MP: 4/4
  1638 | D:3      | Identified the +6 spear "Tucamef" {drain, rF+ rN+ Int+2
                  | Stlth-}
  1936 | D:3      | Noticed a bullfrog
  1943 | D:3      | Killed a bullfrog
  1944 | D:3      | Reached XP level 5. HP: 14/47 MP: 5/5
  2382 | D:3      | Found a faded altar of an unknown god.
  2551 | D:3      | Found a snail-covered altar of Cheibriados.
  2968 | D:4      | Reached skill level 5 in Fighting
  2968 | D:4      | Reached XP level 6. HP: 28/56 MP: 6/6
  3721 | D:4      | Reached skill level 5 in Axes
  4117 | D:5      | Entered Level 5 of the Dungeon
  4134 | D:5      | Reached skill level 5 in Armour
  4134 | D:5      | Reached skill level 5 in Shields
  4134 | D:5      | Reached XP level 7. HP: 8/61 MP: 7/7
  4137 | D:5      | HP: 2/61 [something/magic dart (5)]
  4497 | D:5      | Identified the +0 leather armour "Rikyho" {rC+++ Will+++
                  | Str-5 Slay-2}
  4542 | D:5      | Noticed Eustachio
  5261 | D:4      | Killed Eustachio
  5717 | D:5      | Reached XP level 8. HP: 5/71 MP: 8/8
  7129 | D:5      | Noticed Edmund
  7170 | D:5      | Killed Edmund
  7174 | D:5      | HP: 1/68 [black bear (5)]
  7604 | D:5      | Reached XP level 9. HP: 69/79 MP: 9/9
  7645 | D:5      | Noticed a troll
  7660 | D:5      | Killed a troll
  8149 | D:5      | Found a runed translucent door.
  8153 | D:5      | Noticed Dowan
  8154 | D:5      | Noticed Duvessa
  8165 | D:5      | Killed Duvessa
  8200 | D:6      | Slain by a black bear

Illustrated notes

Levels and vault maps discovered:
D:1:      lightli_arrival_isolated_outpost, layout_basic, minmay_misc_feat_tiny
D:2:      layout_basic
D:3:      layout_basic, cheibriados_altar_1, nicolae_ecumenical_snake_handling,
          hex_tiny, serial_park_tiny_pond
D:4:      layout_gridville
D:5:      cheibrodos_barr_body, layout_gridville, ebering_ghost_reflecting_pool,
          minmay_mini_ossuary, uniq_edmund, uniq_eustachio, uniq_duvessa
D:6:      layout_loops_ring, mainiacjoe_overflow_swirl,
          nicolae_shop_overcharged_wands

Skill      XL: |  1  2  3  4  5  6  7  8  9 |
---------------+----------------------------+-----
Axes           | 3 4 5 6 7 8 |  8.1
Fighting       | 4 5 6 7 8 |  8.0
Armour         | 4 5 6 7 |  7.2
Shields        | 4 5 6 7 |  7.2

Action                   |  1- 3 |  4- 6 |  7- 9 || total
-------------------------+-------+-------+-------++-------
Melee: War axe           |    80 |   120 |   204 ||   404
  Use: Potion            |       |     3 |    11 ||    14
       Scroll            |       |       |     2 ||     2
Armor: Scale mail        |    38 |    71 |   149 ||   258
Dodge: Dodged            |    27 |    48 |   155 ||   230
Block: Buckler           |    15 |    27 |    72 ||   114

Table legend: (Time is in decaauts)
 A = Elapsed time spent in this place.
 B = Non-inter-level travel time spent in this place.
 C = Inter-level travel time spent in this place.
 D = Time resting spent in this place.
 E = Time spent auto-exploring this place.
 F = Levels seen in this place.
 G = Mean time per level.
                   A        B        C        D        E       F      G
               +--------+--------+--------+--------+--------+-----+--------+
         Total |   8279 |   8201 |     78 |   4028 |   3166 |   6 | 1379.8 |
       Dungeon |   8279 |   8201 |     78 |   4028 |   3166 |   6 | 1379.8 |
               +--------+--------+--------+--------+--------+-----+--------+

Top non-repeatable levels by time:
     D:4: 2946 daAuts
     D:5: 2495 daAuts
     D:3: 1214 daAuts
     D:1: 899 daAuts
     D:2: 715 daAuts
     D:6: 8 daAuts
